 Dungeon Crawl Stone Soup version 0.28-a0-687-gb91baff9cc (webtiles) character file.

Game seed: 12336748666255866807

2977 jasper the Carver (level 9, -9/69 HPs)
             Began as a Demonspawn Cinder Acolyte on Oct 20, 2021.
             Was an Elder of Ignis.
             Mangled by a two-headed ogre (23 damage)
             ... on level 7 of the Dungeon.
             The game lasted 00:21:13 (12554 turns).

jasper the Carver (Demonspawn Cinder Acolyte)      Turns: 12554, Time: 00:21:14

Health: -9/69      AC: 12    Str: 15    XL:     9   Next: 53%
Magic:  10/10      EV: 11    Int: 15    God:    Ignis [****..]
Gold:   93         SH:  0    Dex: 12    Spells: 5/10 levels left

rFire   + . .      SeeInvis .   i - +2 short sword (venom)
rCold   . . .      Faith    .   (no shield)
rNeg    . . .      Spirit   .   d - +0 scale mail
rPois   .          Reflect  .   (helmet restricted)
rElec   .          Harm     .   C - +2 cloak
rCorr   .          Rampage  .   l - +1 pair of gloves
Will    .....                   (no boots)
Stlth   ..........              (no amulet)
HPRegen 0.21/turn               c - ring of flight
MPRegen 0.12/turn               (no ring)

@: flying
A: antennae 2, foul stench 1, demonic magic 1
a: Renounce Religion, Sea of Fire, Foxfire Swarm, Rising Flame


You were on level 7 of the Dungeon.
You worshipped Ignis.
Ignis was greatly pleased with you.
You visited 1 branch of the dungeon, and saw 8 of its levels.

You collected 309 gold pieces.
You spent 216 gold pieces at shops.

Inventory:

Hand Weapons
 a - a +0 falchion of flaming
 f - a +2 falchion of protection
 i - a +2 short sword of venom (weapon)
 r - a +0 scimitar
Missiles
 g - 4 silver javelins
 h - 187 stones (quivered)
 j - 3 boomerangs
 m - 15 poisoned darts
 o - 3 javelins
Armour
 b - a +0 robe
 d - a +0 scale mail (worn)
 l - a +1 pair of gloves (worn)
 n - a +0 helmet
 u - a scarf of repulsion
 C - a +2 cloak (worn)
Jewellery
 c - a ring of flight (left hand)
 v - a ring of ice
Wands
 p - a wand of paralysis (3)
 t - a wand of mindburst (2)
 A - a wand of polymorph (10)
Scrolls
 s - 2 scrolls of enchant weapon
 y - a scroll of teleportation {unknown}
 z - 2 scrolls of enchant armour
Potions
 e - a potion of flight {unknown}
 k - 2 potions of might
 q - a potion of attraction {unknown}
 w - 6 potions of curing
 x - 2 potions of lignification
 B - a potion of heal wounds {unknown}


   Skills:
 + Level 6.2 Fighting
 + Level 9.0 Long Blades
 + Level 4.8 Armour
 + Level 4.8 Dodging
 - Level 1.0 Spellcasting
 - Level 2.6 Fire Magic


You had 5 spell levels left.
You knew the following spells:

 Your Spells              Type           Power      Damage    Failure   Level
a - Scorch                Fire           16%        2d6       41%         2
b - Swiftness             Air            0%         N/A       95%         3

Your spell library contained the following spells:

 Spells                   Type           Power      Damage    Failure   Level
 Freeze                   Ice            0%         1d3       65%         1
 Shock                    Conj/Air       0%         1d3       65%         1
 Frozen Ramparts          Ice            0%         1d2       95%         3
 Airstrike                Air            0%         N/A       100%        4
 Hailstorm                Conj/Ice       0%         3d3       100%        4
 Ice Form                 Ice/Tmut       0%         N/A       100%        4
 Summon Ice Beast         Ice/Summ       0%         N/A       100%        4
 Summon Lightning Spire   Summ/Air       0%         N/A       100%        4
 Storm Form               Tmut/Air       0%         N/A       100%        7
 Maxwell's Capacitive Co  Air            0%         ∞         100%        8


Dungeon Overview and Level Annotations

Branches:
Dungeon (8/15)             Temple (0/1) D:7
   Lair: D:8-11

Altars:
Sif Muna

Shops:
D:6 !*

Annotations:
D:4 Dowan


Innate Abilities, Weirdness & Mutations

You have a pair of antennae on your head.
You may rarely emit foul miasma when damaged in melee.
Spells you cast may paralyse adjacent enemies.


Message History

Press: ? - help, Shift-Dir - straight line, f/p - two-headed ogre
Aim: a two-headed ogre, wielding a +0 giant club and a +0 giant spiked club (chance to affect: 28%)
The two-headed ogre easily resists.
Aiming: Paralyse
Press: ? - help, Shift-Dir - straight line, f/p - two-headed ogre
Aim: a two-headed ogre, wielding a +0 giant club and a +0 giant spiked club (chance to affect: 28%)
The two-headed ogre easily resists.
The two-headed ogre hits you with a +0 giant club!!
The two-headed ogre hits you but does no damage.
You take 24 damage, and have 45/69 hp.
MASSIVE DAMAGE!!
You fly upwards.
There is a stone staircase leading down here.
The two-headed ogre closely misses you.
The two-headed ogre hits you but does no damage.
You see here 9 arrows.
Aiming: Paralyse
Press: ? - help, Shift-Dir - straight line, f - two-headed ogre
Aim: a two-headed ogre, wielding a +0 giant club and a +0 giant spiked club (chance to affect: 28%)
The two-headed ogre easily resists.
Aiming: Paralyse
Press: ? - help, Shift-Dir - straight line, f/p - two-headed ogre
Aim: a two-headed ogre, wielding a +0 giant club and a +0 giant spiked club (chance to affect: 28%)
The two-headed ogre easily resists.
The two-headed ogre hits you with a +0 giant club.
The two-headed ogre hits you with a +0 giant spiked club.
You take 6 damage, and have 40/69 hp.
Aiming: Paralyse
Press: ? - help, Shift-Dir - straight line, f/p - two-headed ogre
Aim: a two-headed ogre, wielding a +0 giant club and a +0 giant spiked club (chance to affect: 28%)
The two-headed ogre easily resists.
The two-headed ogre hits you with a +0 giant club!!
* * * LOW HITPOINT WARNING * * *
The two-headed ogre barely misses you.
You take 23 damage, and have 17/69 hp.
MASSIVE DAMAGE!!
There is an open door here.
You feel better.
The two-headed ogre hits you with a +0 giant club!
* * * LOW HITPOINT WARNING * * *
The two-headed ogre hits you with a +0 giant spiked club!!
You die...

#...........#
#.#########.# #.# #.#
#.# #.# #.# #.# #.#
#.# #.# #.#
#.#########.#
#..@O.....#>##
#########.#(.#
#.#..## #.#...#
#.#.#.## #.#.#[.#
###'#.##.#
#.....##.#####
########.)...........


You could see a two-headed ogre.

Vanquished Creatures
  Eustachio (D:3)
  2 steam dragons
  2 water moccasins
  Duvessa (D:4)
  An orc warrior (D:7)
  3 ice beasts
  3 sky beasts
  2 centaurs
  2 ogres
  A phantom (D:7)
  2 kobold brigands
  3 bullfrogs
  Blork the orc (D:6)
  A scorpion (D:6)
  3 wights (D:6)
  An electric eel (D:7)
  3 jellies
  A bullfrog zombie (D:5)
  A centaur zombie (D:5)
  A hound (D:5)
  3 orc priests
  A gnoll shaman (D:5)
  A bullfrog skeleton (D:6)
  A centaur skeleton (D:7)
  Ijyb (D:3)
  An iguana (D:4)
  An orc wizard (D:7)
  A killer bee zombie (D:7)
  4 gnolls (D:6)
  3 adders
  A shadow imp (D:6)
  An ufetubus (D:7)
  A dart slug (D:2)
  10 orcs
  9 bats
  10 endoplasms
  4 giant cockroaches
  4 goblins
  5 hobgoblins
  4 jackals (D:1)
  4 quokkas (D:2)
  4 ball pythons
  9 frilled lizards
  11 kobolds
  3 rats
132 creatures vanquished.

Vanquished Creatures (others)
  45 foxfires
  9 plants (D:4)
  5 toadstools (D:1)
59 creatures vanquished.

Grand Total: 191 creatures vanquished

Notes
Turn   | Place    | Note
-------+----------+-------------------------------------------
     0 | D:1      | jasper the Demonspawn Cinder Acolyte began the quest for
                  | the Orb.
     0 | D:1      | Reached XP level 1. HP: 18/18 MP: 2/2
   295 | D:1      | Reached skill level 3 in Long Blades
   561 | D:1      | Gained mutation: You have a pair of small antennae on your
                  | head. [demonic ancestry]
   561 | D:1      | Reached XP level 2. HP: 24/24 MP: 3/3
   564 | D:1      | Learned a level 2 spell: Scorch
   858 | D:1      | Found a faded altar of an unknown god.
  1154 | D:1      | Reached XP level 3. HP: 29/29 MP: 4/4
  1856 | D:2      | Reached skill level 4 in Long Blades
  2188 | D:2      | Reached XP level 4. HP: 10/35 MP: 5/5
  3473 | D:2      | Reached skill level 5 in Long Blades
  4775 | D:3      | Noticed Ijyb
  4788 | D:3      | Killed Ijyb
  4789 | D:3      | Reached XP level 5. HP: 38/41 MP: 6/6
  4912 | D:3      | Found a shimmering blue altar of Sif Muna.
  5502 | D:4      | Noticed Eustachio
  5531 | D:3      | Killed Eustachio
  5532 | D:3      | Reached skill level 6 in Long Blades
  5532 | D:3      | Gained mutation: Spells you cast may paralyse adjacent
                  | enemies. [demonic ancestry]
  5532 | D:3      | Reached XP level 6. HP: 14/47 MP: 7/7
  6200 | D:4      | Noticed Duvessa
  6226 | D:4      | Noticed Dowan
  6538 | D:4      | Killed Duvessa
  6539 | D:4      | Reached skill level 7 in Long Blades
  6702 | D:5      | Entered Level 5 of the Dungeon
  6780 | D:5      | Gained mutation: You have a pair of antennae on your head.
                  | [demonic ancestry]
  6780 | D:5      | Reached XP level 7. HP: 8/52 MP: 8/8
  7229 | D:5      | Reached skill level 1 in Armour
  7229 | D:5      | Reached skill level 1 in Dodging
  7945 | D:5      | Paralysed by a kobold for 3 turns
  8595 | D:6      | Gained mutation: You may rarely emit foul miasma when
                  | damaged in melee. [demonic ancestry]
  8595 | D:6      | Reached XP level 8. HP: 49/60 MP: 9/9
  8940 | D:6      | Found Jumopn's Distillery.
  8972 | D:6      | Reached skill level 8 in Long Blades
  8978 | D:6      | Bought a potion of lignification for 36 gold pieces
  8978 | D:6      | Bought a potion of lignification for 36 gold pieces
  8978 | D:6      | Bought a potion of curing for 36 gold pieces
  8978 | D:6      | Bought a potion of curing for 36 gold pieces
  8978 | D:6      | Bought a potion of curing for 36 gold pieces
  8978 | D:6      | Bought a potion of curing for 36 gold pieces
  9343 | D:6      | Noticed Blork the orc
  9531 | D:6      | Killed Blork the orc
  9750 | D:6      | Found Zattudis's Wicked Wares.
 10330 | D:7      | Reached skill level 5 in Fighting
 10639 | D:6      | Reached XP level 9. HP: 44/68 MP: 10/10
 12031 | D:7      | Reached skill level 9 in Long Blades
 12130 | D:7      | Found a staircase to the Ecumenical Temple.
 12138 | D:7      | Learned a level 3 spell: Swiftness
 12524 | D:8      | Noticed a two-headed ogre
 12554 | D:7      | Mangled by a two-headed ogre

Illustrated notes

Levels and vault maps discovered:
D:1:      ldierk_walled_garden, layout_loops_cross,
          hellmonk_ecumenical_altar_inner_sanctum, st_stairs_11,
          minmay_misc_feat_more_columns, chequers_arboretum
D:2:      layout_basic
D:3:      layout_rooms, led_sif_pool, uniq_ijyb
D:4:      layout_cave_pools, mainiacjoe_overflow_cross_hatched,
          kennysheep_cross_room, amcnicky_mini_pool_small, minivault_25,
          kennysheep_boxes, uniq_duvessa, uniq_edmund, uniq_eustachio
D:5:      layout_basic
D:6:      layout_rooms, serial_shops, nicolae_diamond_shop, nicolae_evil_shop,
          uniq_blork_the_orc
D:7:      layout_basic, temple_hall, minmay_misc_feat_plants,
          corexii_item_surrounded_by_moat, minivault_4, grunt_ministairs_2,
          amcnicky_mini_pool_medium
D:8:      layout_gridville, mainiacjoe_overflow_two_lobes

Skill      XL: |  1  2  3  4  5  6  7  8  9 |
---------------+----------------------------+-----
Long Blades    | 3 4 5 6 7 8 9 |  9.0
Armour         | 2 3 4 |  4.8
Dodging        | 2 3 4 |  4.8
Fighting       | 4 5 6 |  6.2
Spellcasting   | |  1.0
Fire Magic     | |  2.6

Action                   |  1- 3 |  4- 6 |  7- 9 || total
-------------------------+-------+-------+-------++-------
Melee: Falchion          |   118 |    70 |    70 ||   258
       Short sword       |       |    64 |   209 ||   273
Throw: Javelin           |     2 |       |       ||     2
       Stone             |       |    60 |    13 ||    73
       Boomerang         |       |    10 |       ||    10
       Dart              |       |     7 |     4 ||    11
Invok: Foxfire Swarm     |     2 |     1 |       ||     3
Evoke: Wand              |       |       |    29 ||    29
  Use: Scroll            |       |     5 |     4 ||     9
       Potion            |       |       |     1 ||     1
 Stab: Paralysed         |       |       |     3 ||     3
Armor: Scale mail        |    43 |    59 |   129 ||   231
       Robe              |     3 |       |       ||     3
Dodge: Dodged            |    55 |    68 |   138 ||   261
       Repelled          |       |       |     1 ||     1

Table legend: (Time is in decaauts)
 A = Elapsed time spent in this place.
 B = Non-inter-level travel time spent in this place.
 C = Inter-level travel time spent in this place.
 D = Time resting spent in this place.
 E = Time spent auto-exploring this place.
 F = Levels seen in this place.
 G = Mean time per level.
                   A        B        C        D        E       F      G
               +--------+--------+--------+--------+--------+-----+--------+
         Total |  12557 |  11888 |    669 |   6502 |   3435 |   8 | 1569.6 |
       Dungeon |  12557 |  11888 |    669 |   6502 |   3435 |   8 | 1569.6 |
               +--------+--------+--------+--------+--------+-----+--------+

Top non-repeatable levels by time:
     D:2: 2352 daAuts
     D:6: 2045 daAuts
     D:7: 1871 daAuts
     D:3: 1855 daAuts
     D:5: 1759 daAuts
     D:1: 1680 daAuts
     D:4: 848 daAuts
     D:8: 143 daAuts
